 Dungeon Crawl Stone Soup version 0.26-a0-639-g72c4674329 (webtiles) character file.

Game seed: 1722785642866568622

86638 Borgoz the Warrior (level 15, -2/103 HPs)
             Began as a Gargoyle Berserker on Sept 18, 2020.
             Was the Champion of Trog.
             Killed by divine providence
             ... invoked by an orc priest
              (13 damage)
             ... on level 2 of the Orcish Mines.
             The game lasted 00:46:41 (32428 turns).

Borgoz the Warrior (Gargoyle Berserker)            Turns: 32428, Time: 00:46:41

Health: -2/103     AC: 31    Str: 21    XL:     15   Next: 87%
Magic:  15/15      EV: 16    Int: 14    God:    Trog [******]
Gold:   1684       SH:  0    Dex: 20    Spells: 14/14 levels left

rFire    + . .     SeeInvis .   f - +12 dire flail "Caulijots" {vorpal, rC+ Int+5}
rCold    + + +     Faith    .   (shield currently unavailable)
rNeg     + . .     Spirit   .   m - +0 chain mail "Toxkudath" {rC+++}
rPois    ∞         Reflect  .   A - +2 hat
rElec    +         Harm     .   d - +0 cloak {MR+}
rCorr    .         Rampage  .   u - +0 pair of gloves
MR       ++++.                  g - +0 pair of boots
Stlth    ..........             (no amulet)
HPRegen  1.27/turn              H - +6 ring of dexterity
MPRegen  0.14/turn              q - ring of fire

@: about to teleport, berserk cooldown, flying, regenerating, hasted and slowed,
studying Dodging
A: big wings, negative energy resistance 1, electricity resistance, unbreathing,
petrification resistance, rot immunity, AC +11
a: Stop Flying, Berserk, Trog's Hand, Brothers in Arms, Renounce Religion


You were on level 2 of the Orcish Mines.
You worshipped Trog.
Trog was exalted by your worship.
You visited 4 branches of the dungeon, and saw 24 of its levels.
You also visited: Ice Cave.

You collected 2171 gold pieces.
You spent 487 gold pieces at shops.

Inventory:

Hand Weapons
 f - the +12 dire flail "Caulijots" (weapon) {vorpal, rC+ Int+5}
   (Trog gifted it to you on level 2 of the Orcish Mines)

   It inflicts extra damage upon your enemies.
   It affects your intelligence (+5).
   It protects you from cold.
Armour
 d - a +0 cloak of magic resistance (worn)
 g - a +0 pair of boots (worn)
 m - the +0 chain mail "Toxkudath" (worn) {rC+++}
   (You bought it in a shop on level 7 of the Dungeon)

   It renders you almost immune to cold.
 u - a +0 pair of gloves (worn)
 A - a +2 hat (worn)
Jewellery
 q - a ring of fire (right hand)
 H - a +6 ring of dexterity (left hand)
Wands
 e - a wand of acid (9)
 v - a wand of iceblast (4)
 y - a wand of flame (33)
 z - a wand of digging (6)
 B - a wand of polymorph (7)
 C - a wand of enslavement (22)
 D - a wand of disintegration (14)
Scrolls
 h - 7 scrolls of magic mapping
 j - 4 scrolls of enchant armour {unknown}
 o - a scroll of fog
 p - 3 scrolls of teleportation
 s - 3 scrolls of immolation {unknown}
 t - 7 scrolls of remove curse
 K - 2 scrolls of summoning {unknown}
 M - a scroll of holy word
 P - a scroll of fear
Potions
 l - 14 potions of curing
 x - a potion of berserk rage
 G - a potion of heal wounds
 I - a potion of might
 J - a potion of resistance
 L - 8 potions of ambrosia
Books
 N - a manual of Dodging


   Skills:
 + Level 15.1 Fighting
 + Level 13.9 Maces & Flails
 + Level 14.9 Armour
 + Level 12.0 Dodging


You had 14 spell levels left.
You didn't know any spells.
Your spell library was empty.

Dungeon Overview and Level Annotations

Branches:
Dungeon (15/15)            Temple (1/1) D:5            Lair (6/6) D:8
  Swamp (0/4) Lair:2        Snake (0/4) Lair:4        Slime (0/5) Lair:5
    Orc (2/2) D:9             Elf (0/3) Orc:2        Vaults (0/5) D:13
 Depths (0/5) D:15          IceCv (visited)

Altars:
Ashenzari
Cheibriados
Dithmenos
Elyvilon
Fedhas
Gozag
Hepliaklqana
Kikubaaqudgha
Makhleb
Nemelex Xobeh
Okawaru
Qazlal
Ru
Sif Muna
Trog
Uskayaw
Vehumet
Wu Jian
Xom
Yredelemnul
Zin
The Shining One
Jiyva

Shops:
D:4 }   D:7 [   D:13 ?

Portals:
Trove: D:14 (give +2 gold dragon scales)

Annotations:
Lair:4 exclusion: 3 oklob plants


Innate Abilities, Weirdness & Mutations

You are resistant to torment.
Your stone body is resilient. (AC +11)
You are immune to poison.
Your large and strong wings let you fly indefinitely.
You resist negative energy. (rN+)
You are resistant to electric shocks. (rElec)
You can survive without breathing.
You are immune to petrification.
You are immune to rotting.


Message History

The ufetubus misses you. The ufetubus barely misses you.
The orc priest invokes the aid of Beogh against you.
Beogh smites you!
* * * LOW HITPOINT WARNING * * *
The orc priest looks satisfied for a moment.
The orc wizard mumbles some strange words.
The orc wizard flickers and vanishes!
Deactivating autopickup; reactivate with Ctrl-A.
As you read the scroll of teleportation, it crumbles to dust.
You feel strangely unstable.
The ufetubus hits you but does no damage. x2
The ufetubus misses you. x2
The orc priest calls down the wrath of Beogh upon you.
Beogh smites you!
* * * LOW HITPOINT WARNING * * *
The ice devil hits you but does no damage.
The ufetubus barely misses you. x2
The orc priest calls down the wrath of Beogh upon you.
Beogh smites you!
You die...

......#............#
.............##...##
.............# ..##
....#.....#.## .##
...........## ###
........#.## ###.##
..........####....#
...........#.....##
.............@.######
............5.####.##
...#........455#...##
...........o53oo....#
###########5.{455...##
# ##.o..o....## .##
##.....))).##....
#.....))))......
#.....)))).....#


You could see an orc high priest, 2 ice devils, a ynoxinul (summoned), an orc
warrior, 2 orc priests, an orc wizard and 7 ufetubi.

Vanquished Creatures
  An orc warlord (D:9)
  A reaper (IceCv)
  An ettin (D:14)
  A fire dragon (Lair:5)
  Josephine (D:13)
  2 rakshasas (D:12)
  An ogre mage (D:15)
  5 hydras
  3 centaur warriors
  3 catoblepae (Lair:6)
  6 two-headed ogres
  3 tengu warriors
  7 death yaks (Lair:6)
  An orc high priest (Orc:2)
  6 unseen horrors
  A deep elf archer (D:15)
  Pikel (D:6)
  An orc knight (Orc:2)
  2 orc sorcerers (Orc:1)
  4 manticores
  A necromancer (Lair:6)
  A manticore (shapeshifter) (D:15)
  5 cyclopes
  An ugly thing (D:12)
  2 deep elf magi
  An elephant (shapeshifter) (D:13)
  20 elephants
  2 black mambas
  2 ice statues (IceCv)
  12 cane toads
  3 komodo dragons
  4 rime drakes
  A komodo dragon (shapeshifter) (D:13)
  2 efreet (D:14)
  2 freezing wraiths
  A harpy zombie (D:15)
  8 ice devils (IceCv)
  A queen bee (Lair:2)
  Prince Ribbit (D:9)
  5 trolls
  8 hippogriffs
  11 blink frogs
  A bog body (Lair:2)
  A raiju (shapeshifter) (D:12)
  6 slime creatures
  10 dream sheep (Lair:6)
  Sigmund (D:6)
  3 vampires
  9 wraiths
  A hog (shapeshifter) (D:12)
  4 wyverns
  46 yaks
  5 basilisks
  A steam dragon (D:12)
  3 wargs
  An acid dragon (D:14)
  5 water moccasins
  4 porcupines
  6 ice beasts
  7 sky beasts
  Duvessa (D:7)
  19 orc warriors
  2 necrophages
  An eye of draining (D:8)
  2 phantoms
  15 ogres
  12 centaurs
  3 wolves (Lair:1)
  10 crocodiles
  4 lemures (D:6)
  3 big kobolds
  11 bullfrogs
  Dowan (D:7)
  2 scorpions
  2 jellies
  33 killer bees
  17 wights
  5 howler monkeys
  An electric eel (D:11)
  2 bullfrog zombies
  2 quasits
  6 centaur skeletons
  3 centaur zombies
  Crazy Yiuf (D:4)
  4 hounds
  3 bullfrog skeletons
  17 orc priests
  20 orc wizards
  6 iguanas
  15 worker ants
  2 polar bear simulacra (Lair:6)
  4 wolf simulacra (Lair:6)
  4 yak simulacra (Lair:6)
  A centaur simulacrum (D:12)
  A hound skeleton (D:8)
  A howler monkey zombie (D:9)
  A worker ant zombie (D:10)
  5 gnolls
  18 adders
  2 shadow imps
  10 white imps
  13 ufetubi
  2 oozes
  An adder zombie (D:8)
  An adder skeleton (D:6)
  3 worms
  A dart slug (D:4)
  2 leopard geckos
  59 orcs
  4 giant cockroaches
  2 goblins
  5 hobgoblins
  16 jackals
  8 quokkas
  A ball python (D:4)
  8 bats
  3 frilled lizards
  A giant cockroach zombie (D:5)
  3 jackal skeletons
  14 kobolds
  A leopard gecko skeleton (D:6)
  8 rats
  A river rat simulacrum (Lair:6)
688 creatures vanquished.

Vanquished Creatures (others)
  A human (D:2)
  2 orc wizards
  5 white imps (IceCv)
  2 ufetubi (IceCv)
  An orc (Orc:1)
  12 fungi
  22 plants
45 creatures vanquished.

Grand Total: 733 creatures vanquished

Notes
Turn   | Place    | Note
-------+----------+-------------------------------------------
     0 | D:1      | Borgoz the Gargoyle Berserker began the quest for the Orb.
     0 | D:1      | Reached XP level 1. HP: 14/14 MP: 1/1
    97 | D:1      | Found a snail-covered altar of Cheibriados.
   211 | D:1      | Reached XP level 2. HP: 18/19 MP: 2/2
   431 | D:2      | Reached XP level 3. HP: 24/24 MP: 3/3
   923 | D:2      | Found an ancient bone altar of Kikubaaqudgha.
   938 | D:2      | Noticed a human
   940 | D:2      | Killed a human
  1053 | D:2      | Found a faded altar of an unknown god.
  1079 | D:2      | Reached ** piety under Trog
  1107 | D:2      | Reached XP level 4. HP: 29/29 MP: 4/4
  1313 | D:3      | Reached skill level 4 in Fighting
  2567 | D:4      | Reached XP level 5. HP: 30/33 MP: 5/5
  2601 | D:4      | Noticed an ogre
  2623 | D:4      | Killed an ogre
  2623 | D:4      | Reached XP level 6. HP: 29/39 MP: 6/6
  3127 | D:4      | Reached skill level 5 in Fighting
  3146 | D:4      | Reached XP level 7. HP: 38/44 MP: 7/7
  3158 | D:4      | Reached *** piety under Trog
  3334 | D:4      | Found Huthryceph's Gadget Shop.
  3680 | D:4      | Found a runed translucent door.
  3681 | D:4      | Noticed Crazy Yiuf
  3828 | D:4      | Killed Crazy Yiuf
  3908 | D:5      | Entered Level 5 of the Dungeon
  3944 | D:5      | Reached skill level 5 in Maces & Flails
  3944 | D:5      | Reached skill level 5 in Armour
  4060 | D:5      | Found a staircase to the Ecumenical Temple.
  4093 | Temple   | Entered the Ecumenical Temple
  4651 | D:5      | Reached XP level 8. HP: 51/51 MP: 8/8
  4764 | D:5      | Reached skill level 6 in Fighting
  5632 | D:6      | Noticed Sigmund
  5645 | D:6      | Killed Sigmund
  5718 | D:6      | Reached XP level 9. HP: 38/56 MP: 9/9
  5868 | D:6      | Reached skill level 7 in Fighting
  5868 | D:6      | Reached skill level 5 in Dodging
  5961 | D:6      | Reached **** piety under Trog
  6138 | D:6      | Noticed Pikel
  6208 | D:6      | Killed Pikel
  6648 | D:7      | Noticed Dowan
  6648 | D:7      | Noticed a seven-headed hydra
  6648 | D:7      | Noticed Duvessa
  6670 | D:7      | Killed a seven-headed hydra
  6670 | D:7      | Reached skill level 8 in Fighting
  6670 | D:7      | Reached XP level 10. HP: 42/64 MP: 10/10
  6674 | D:7      | Killed Duvessa
  6685 | D:7      | Killed Dowan
  7427 | D:7      | Found a radiant altar of Vehumet.
  7808 | D:7      | Found Iwilid's Armour Boutique.
  7870 | D:8      | Noticed Prince Ribbit
  8093 | D:8      | Noticed a two-headed ogre
  8107 | D:8      | Killed a two-headed ogre
  8107 | D:8      | Reached skill level 9 in Fighting
  8167 | D:8      | Noticed an elephant
  8183 | D:8      | Killed an elephant
  8253 | D:8      | Found a staircase to the Lair.
  8574 | D:8      | Reached ***** piety under Trog
  9385 | D:9      | Killed Prince Ribbit
  9385 | D:9      | Reached XP level 11. HP: 38/71 MP: 11/11
  9693 | D:9      | Noticed a two-headed ogre
  9709 | D:9      | Killed a two-headed ogre
 10507 | D:9      | Found a staircase to the Orcish Mines.
 10557 | D:10     | Entered Level 10 of the Dungeon
 10699 | D:10     | Killed an unseen horror
 10699 | D:10     | Reached skill level 10 in Fighting
 10987 | D:10     | Killed an unseen horror
 11576 | D:10     | Reached skill level 10 in Armour
 12107 | D:11     | Noticed a cyclops
 12115 | D:11     | Killed a cyclops
 12163 | D:11     | Noticed a two-headed ogre
 12176 | D:11     | Killed a two-headed ogre
 12368 | D:7      | Bought the cursed +0 chain mail "Toxkudath" {rC+++} for 435
                  | gold pieces
 12478 | D:11     | Found a shadowy altar of Dithmenos.
 12969 | D:11     | Noticed a cyclops
 12979 | D:11     | Killed a cyclops
 13700 | D:12     | Noticed a brown ugly thing
 13709 | D:12     | Killed a brown ugly thing
 13824 | D:12     | Reached skill level 10 in Maces & Flails
 13824 | D:12     | Reached XP level 12. HP: 79/79 MP: 12/12
 13865 | D:12     | Reached skill level 11 in Fighting
 14182 | D:12     | Noticed a centaur warrior
 14193 | D:12     | Killed a centaur warrior
 14322 | D:12     | Noticed a tengu warrior
 14326 | D:12     | Noticed a rakshasa
 14406 | D:12     | Killed a tengu warrior
 14426 | D:12     | Killed a rakshasa
 14547 | D:12     | Got a bound ivory ring
 14548 | D:12     | Identified the cursed ring "Put-Me-On" {rF+ MR- AC-4 SInv
                  | Stlth+} (You found it on level 12 of the Dungeon)
 14595 | D:12     | Noticed a rakshasa
 14800 | D:12     | Killed a rakshasa
 14991 | D:12     | Noticed a two-headed ogre
 15001 | D:12     | Killed a two-headed ogre
 15408 | D:12     | Received a gift from Trog
 15754 | D:13     | Noticed a two-headed ogre
 15833 | D:12     | Killed a two-headed ogre
 16015 | D:12     | Reached skill level 12 in Fighting
 16247 | D:13     | Noticed a two-headed ogre
 16255 | D:13     | Reached XP level 13. HP: 86/86 MP: 13/13
 16283 | D:13     | Found a gate to the Vaults.
 16340 | D:13     | Noticed Josephine
 16363 | D:13     | Killed Josephine
 16700 | D:13     | Found Efynnem's Magic Scroll Emporium.
 16759 | D:13     | Bought a scroll of fear for 52 gold pieces
 17599 | D:14     | Found a portal to a secret trove of treasure.
 18394 | D:14     | Reached skill level 10 in Dodging
 18963 | D:14     | Received a gift from Trog
 19099 | D:14     | Reached skill level 13 in Fighting
 19535 | D:15     | Entered Level 15 of the Dungeon
 19576 | D:15     | Noticed an ogre mage
 19579 | D:15     | Noticed an ettin
 19587 | D:15     | Killed an ogre mage
 19623 | D:14     | Killed an ettin
 19623 | D:14     | Gained mutation: Your large and strong wings let you fly
                  | indefinitely. [Gargoyle growth]
 19623 | D:14     | Reached XP level 14. HP: 90/94 MP: 14/14
 20611 | D:15     | Found a staircase to the Depths.
 21022 | Lair:1   | Entered Level 1 of the Lair of Beasts
 22935 | Lair:2   | Found a staircase to the Swamp.
 23278 | Lair:2   | Received a gift from Trog
 23811 | Lair:3   | HP: 4/95 [komodo dragon (17)]
 23876 | Lair:3   | Found a frozen archway.
 23900 | IceCv    | Entered an ice cave
 24099 | IceCv    | Got a pair of heavily runed gloves
 24131 | IceCv    | Identified the +2 pair of gloves of Stoicism {MR++ Str-4}
                  | (You found it in an ice cave)
 24313 | IceCv    | Reached skill level 14 in Fighting
 24349 | IceCv    | Noticed a reaper
 24363 | IceCv    | Killed a reaper
 26274 | Lair:4   | Reached XP level 15. HP: 100/100 MP: 15/15
 26292 | Lair:4   | Found a staircase to the Snake Pit.
 27923 | Lair:5   | Found a staircase to the Slime Pits.
 27923 | Lair:5   | Found a viscous altar of Jiyva.
 27956 | Lair:5   | Found a shimmering blue altar of Sif Muna.
 28620 | Lair:6   | Entered Level 6 of the Lair of Beasts
 28991 | Lair:6   | Reached ****** piety under Trog
 29475 | Lair:6   | Received a gift from Trog
 30581 | Lair:6   | Identified a scroll of acquirement
 30583 | Lair:6   | Acquired a manual of Dodging
 30849 | Orc:1    | Entered Level 1 of the Orcish Mines
 30908 | Orc:1    | Noticed an orc warlord
 30927 | Orc:1    | Reached skill level 15 in Fighting
 31516 | D:9      | Killed an orc warlord
 32093 | Orc:2    | Entered Level 2 of the Orcish Mines
 32093 | Orc:2    | Found a staircase to the Elven Halls.
 32100 | Orc:2    | Received a gift from Trog
 32155 | Orc:2    | Got a jewelled dire flail {god gift}
 32157 | Orc:2    | Identified the +12 dire flail "Caulijots" {vorpal, rC+
                  | Int+5} (Trog gifted it to you on level 2 of the Orcish
                  | Mines)
 32293 | Orc:2    | Found a radiant altar of Vehumet.
 32428 | Orc:2    | Killed from afar by an orc priest

Illustrated notes

Levels and vault maps discovered:
D:1:      saegor_arrival_simple_b, layout_rooms, cheibriados_altar_1
D:2:      layout_basic, chequers_ecumenical_altar_grove, tgw_kikubaaqudgha
D:3:      wad_lake_hut, layout_basic
D:4:      layout_loops_cross, serial_shops, kennysheep_mini_moat,
          hangedman_glass_teeth, grunt_ministairs_3, uniq_crazy_yiuf_cottage
D:5:      layout_gridville, minmay_temple_entry_glassed_door
D:6:      layout_loops_ring, uniq_pikel, uniq_sigmund
D:7:      layout_basic, lemuel_crystal_altar, serial_shops, shop, uniq_duvessa
D:8:      layout_loops_ring, david_lair_generic, uniq_prince_ribbit1
D:9:      layout_roguey, orc_0_dummy, grunt_decor_mini_mirrors
D:10:     layout_stronghold
D:11:     layout_irregular_city, kennysheep_flooded_box,
          minmay_misc_feat_columns, grunt_dithmenos_smoke
D:12:     minmay_the_grid_octo_2x2 [minmay_the_grid_octo_checkerflower,
          minmay_the_grid_octo_empty, minmay_the_grid_octo_odd_swirl,
          minmay_the_grid_octo_prize_square_snowflake], layout_basic,
          kennysheep_generic_room_9
D:13:     layout_rooms, david_vaults_2, serial_shops, shop, uniq_josephine
D:14:     layout_long_grid, minmay_misc_feat_plants, trove_entry_hex_spiral,
          dk_noncrumbling_2, kennysheep_generic_room_3
D:15:     hangedman_depths_entry_civil_slaughter, layout_basic
Temple:   roderic_octagonal_lattice_temple
Lair:1:   layout_cave_pods
Lair:2:   layout_small_grid, skrybe_swamp_entry_bodies, special_room
          [special_room_bee], serial_bayou_shore_b, grunt_megastairs_4
Lair:3:   layout_small_grid, portal_ice_cave_rime, infiniplex_staircase_pool_2
Lair:4:   layout_layer_cave, dummy_snake_entry, serial_bayou_shore_b,
          grunt_megastairs_2, minmay_lair_oklob_chamber
Lair:5:   dragon1_lemuel, layout_gridlike, slime_altar_1, basic_altar,
          grunt_megastairs_1
Lair:6:   evilmike_catoblepas_cave, layout_long_grid,
          chequers_serial_rivers_large_a, eino_house_with_fridge
Orc:1:    layout_diamond_mine, uniq_urug
Orc:2:    st_orc_mages, layout_caves, basic_altar

Skill      XL: |  1  2  3  4  5  6  7  8  9 10 11 12 13 14 15 |
---------------+----------------------------------------------+-----
Dodging        | 2 3 4 5 7 8 9 10 11 12 | 12.0
Armour         | 3 4 5 6 7 9 10 11 13 14 | 14.9
Fighting       | 4 5 6 8 9 10 12 13 14 15 | 15.1
Maces & Flails | 4 5 6 7 8 10 11 12 13 | 13.9

Action                   |  1- 3 |  4- 6 |  7- 9 | 10-12 | 13-15 || total
-------------------------+-------+-------+-------+-------+-------++-------
Melee: Mace              |    91 |   120 |       |       |       ||   211
       Flail             |       |    50 |   318 |   229 |       ||   597
       Whip              |       |       |    34 |   107 |       ||   141
       Dire flail        |       |       |       |   865 |   464 ||  1329
       Morningstar       |       |       |       |       |  1226 ||  1226
Throw: Throwing net      |       |       |     2 |       |       ||     2
Invok: Berserk           |     1 |     3 |    10 |    14 |    15 ||    43
       Trog's Hand       |       |       |     2 |     4 |    13 ||    19
 Abil: Fly               |       |       |       |       |     1 ||     1
Evoke: Wand              |       |       |       |    11 |    26 ||    37
  Use: Scroll            |       |       |     1 |    16 |    21 ||    38
       Potion            |       |       |       |     5 |     2 ||     7
 Stab: Invisible         |       |       |       |     4 |     2 ||     6
Armor: Animal skin       |     9 |       |       |       |       ||     9
       Scale mail        |    68 |    99 |   209 |   342 |       ||   718
       Chain mail        |       |       |       |   441 |  1279 ||  1720
Dodge: Dodged            |    81 |   106 |   226 |   776 |  1353 ||  2542

Table legend: (Time is in decaauts)
 A = Elapsed time spent in this place.
 B = Non-inter-level travel time spent in this place.
 C = Inter-level travel time spent in this place.
 D = Time resting spent in this place.
 E = Time spent auto-exploring this place.
 F = Levels seen in this place.
 G = Mean time per level.
                   A        B        C        D        E       F      G
               +--------+--------+--------+--------+--------+-----+--------+
         Total |  32379 |  31038 |   1341 |   8149 |  16953 |  25 | 1295.2 |
       Dungeon |  21498 |  20489 |   1009 |   6029 |  10391 |  15 | 1433.2 |
        Temple |    492 |    477 |     15 |      0 |    474 |   1 |  492.0 |
          Lair |   8772 |   8468 |    304 |   1786 |   5465 |   6 | 1462.0 |
  Orcish Mines |    709 |    697 |     12 |      0 |    452 |   2 |  354.5 |
      Ice Cave |    905 |    905 |      0 |    334 |    171 |   1 |  905.0 |
               +--------+--------+--------+--------+--------+-----+--------+

Top non-repeatable levels by time:
    D:12: 2323 daAuts
  Lair:4: 2133 daAuts
    D:14: 2133 daAuts
     D:9: 2101 daAuts
  Lair:6: 1788 daAuts
  Lair:2: 1733 daAuts
    D:11: 1632 daAuts
     D:8: 1593 daAuts
    D:10: 1586 daAuts
     D:4: 1450 daAuts
     D:7: 1349 daAuts
     D:3: 1337 daAuts
    D:13: 1325 daAuts
     D:5: 1246 daAuts
  Lair:5: 1198 daAuts
